 Dungeon Crawl Stone Soup version 0.25.1-2-g60ff931df9 (webtiles) character file.

Game seed: 15388315781549432418

291 selver the Stinger (level 6, -2/36 HPs)
             Began as an Octopode Venom Mage on Oct 27, 2020.
             Killed from afar by an orc wizard (5 damage)
             ... with a magic dart
             ... on level 4 of the Dungeon.
             The game lasted 00:10:00 (3427 turns).

selver the Stinger (Octopode Venom Mage)            Turns: 3427, Time: 00:10:01

Health: -2/36      AC:  1    Str:  6 (8)  XL:     6   Next: 32%
Magic:  7/9        EV: 13    Int: 16 (19) God:
Gold:   114        SH:  0    Dex:  9 (12) Spells: 6/9 levels left

rFire    . . .     SeeInvis .   d - +2 short sword (venom)
rCold    . . .     Gourm    .   (no shield)
rNeg     . . .     Faith    .   (helmet restricted)
rPois    .         Spirit   .   (no amulet)
rElec    .         Reflect  .   (no ring)
rCorr    .         Harm     .   (no ring)
MR       .....                  (no ring)
Stlth    ++++......             (no ring)
HPRegen  0.12/turn              (no ring)
MPRegen  0.11/turn              (no ring)
                                (no ring)
                                (no ring)

@: mighty, flying
A: almost no armour, stealthy swim, amphibious, 8 rings, constrict 8, camouflage
1, gelatinous body 1
a: no special abilities


You were on level 4 of the Dungeon.
You were not hungry.

You visited 1 branch of the dungeon, and saw 4 of its levels.

You collected 114 gold pieces.

Inventory:

Hand Weapons
 d - a +2 short sword of venom (weapon)
Jewellery
 m - a cursed ring of teleportation {unknown}
Wands
 h - a wand of enslavement (6)
 l - a wand of clouds (5)
Scrolls
 e - a scroll of amnesia {unknown}
 g - 6 scrolls of identify {unknown}
 n - a scroll of teleportation {unknown}
Potions
 a - a potion of flight
 c - a potion of degeneration
 f - a potion of curing {unknown}
 j - a potion of mutation {unknown}
 k - a potion of might
Comestibles
 b - 6 rations


   Skills:
 - Level 2.0 Dodging
 - Level 5.2 Stealth
 + Level 2.3 Spellcasting
 - Level 1.0 Transmutations
 * Level 7.1 Poison Magic


You had 6 spell levels left.
You knew the following spells:

 Your Spells              Type           Power        Failure   Level  Hunger
a - Sting                 Tmut/Pois      ##..         3%          1    #......
b - Poisonous Vapours     Pois/Air       ##....       7%          2    ###....

Your spell library contained the following spells:

 Spells                   Type           Power        Failure   Level  Hunger
 Olgreb's Toxic Radiance  Pois           ###.....     11%         4    #####..
 Ignite Poison            Fire/Tmut/Pois ##......     21%         3    ###....
 Mephitic Cloud           Conj/Pois/Air  #.......     22%         3    ###....


Dungeon Overview and Level Annotations

Branches:
Dungeon (4/15)
 Temple: D:4-7

Altars:

Annotations:
D:4 Dowan, Duvessa


Innate Abilities, Weirdness & Mutations

You cannot wear most types of armour.
You are very stealthy in the water. (Stealth+)
You are amphibious.
You can wear up to eight rings at the same time.
You can use your tentacles to constrict eight enemies at once.
Your skin changes colour to match your surroundings (Stealth+).
Your rubbery body absorbs attacks. (AC +1, EV +1)


Message History

Poisonous vapours surround the orc wizard!
The orc wizard is engulfed in poison gas.
The orc wizard is poisoned.
The orc wizard points at you and mumbles some strange words.
The magic dart hits you!
* * * LOW HITPOINT WARNING * * *
It was a potion of flight.
You feel very buoyant.
You fly up into the air.
The orc wizard looks more healthy.
It was a potion of degeneration.
There was something very wrong with that liquid.
You feel weakened.
You feel dopey.
You feel clumsy.
It was a potion of might.
You feel very mighty all of a sudden.
The orc wizard gestures wildly while chanting.
The orc wizard flickers and vanishes!
Deactivating autopickup; reactivate with Ctrl-A.
A magic dart appears from out of thin air!
The magic dart hits you.
You die...

..........#.........######.#.#
..#...#......#.....).........#
...>..#......#.......#.###.#.
..#...#......#.......#.....#
...##.#..............##.####
...##.#.................#
......#................##
......#................#
...........{....@.##..##
...^....#.........##..#
#.......#.............#
#.......#.........##..#
#.......#.............#
........#...............
#.......#....######### .
#..........#.# ##......##.#.#


There were no monsters in sight!

Vanquished Creatures
  An ogre (D:4)
  A scorpion (D:4)
  An orc priest (D:4)
  A hound (D:3)
  4 adders
  An ooze (D:2)
  A leopard gecko (D:1)
  An orc (D:3)
  4 giant cockroaches
  6 goblins
  8 hobgoblins
  A quokka (D:3)
  2 ball pythons
  9 bats
  4 frilled lizards (D:1)
  9 kobolds
  4 rats
58 creatures vanquished.

Notes
Turn   | Place    | Note
-------+----------+-------------------------------------------
     0 | D:1      | selver the Octopode Venom Mage began the quest for the Orb.
     0 | D:1      | Reached XP level 1. HP: 11/11 MP: 3/3
   424 | D:1      | Reached skill level 4 in Poison Magic
   427 | D:1      | Reached XP level 2. HP: 10/17 MP: 0/5
   992 | D:1      | Reached XP level 3. HP: 20/21 MP: 2/6
  1032 | D:1      | Learned a level 2 spell: Poisonous Vapours
  1602 | D:2      | Reached skill level 5 in Poison Magic
  2098 | D:3      | Reached XP level 4. HP: 27/27 MP: 1/7
  2753 | D:3      | Reached XP level 5. HP: 15/31 MP: 2/8
  3026 | D:3      | Reached skill level 6 in Poison Magic
  3185 | D:4      | Noticed an ogre
  3214 | D:4      | Killed an ogre
  3214 | D:4      | Reached skill level 5 in Stealth
  3307 | D:4      | Reached skill level 7 in Poison Magic
  3307 | D:4      | Reached XP level 6. HP: 26/36 MP: 4/9
  3396 | D:4      | Noticed Duvessa
  3396 | D:4      | Noticed Dowan
  3417 | D:4      | HP: 1/36 [orc wizard/magic dart (10)]
  3427 | D:4      | Killed from afar by an orc wizard

Illustrated notes

Levels and vault maps discovered:
D:1:      dpeg_arrival_pits, layout_basic
D:2:      layout_loops_ring, minivault_11
D:3:      layout_basic, first_ration
D:4:      layout_basic, hangedman_glass_teeth, sigmund_edmund_badplayer,
          uniq_duvessa

Skill      XL: |  1  2  3  4  5 |
---------------+----------------+-----
Stealth        | 3 4 5 |  5.2
Poison Magic   | 4 5 7 |  7.1
Dodging        | |  2.0
Spellcasting   | |  2.3
Transmutations | |  1.0

Action                   |  1- 3 |  4- 6 || total
-------------------------+-------+-------++-------
Melee: Whip              |    25 |       ||    25
       Unarmed           |     4 |       ||     4
       Constrict         |    12 |     5 ||    17
       Short sword       |    29 |    16 ||    45
       Tentacles         |     5 |     3 ||     8
 Cast: Sting             |    15 |     3 ||    18
       Poisonous Vapours |     5 |    13 ||    18
  Use: Potion            |       |     3 ||     3
 Stab: Sleeping          |    10 |     4 ||    14
  Eat: Chunk             |     4 |     5 ||     9
Armor: Skin              |    11 |       ||    11
Dodge: Dodged            |    42 |    10 ||    52
